 Dungeon Crawl Stone Soup version 0.20.0-15-g7f486f2 (webtiles) character file.

1274 butheremails the Digger (level 8, 0/46 HPs)
             Began as an Octopode Earth Elementalist on June 28, 2017.
             Was an Initiate of Ru.
             Slain by a gnoll sergeant
             ... wielding a +1 spear of piercing
              (7 damage)
             ... on level 7 of the Dungeon.
             The game lasted 00:25:54 (4295 turns).

butheremails the Digger (OpEE)                      Turns: 4295, Time: 00:25:55

Health: 0/46       AC:  1    Str:  8    XL:     8   Next: 53%
Magic:  0/17       EV: 17    Int: 19    God:    Ru [......]
Gold:   395        SH:  0    Dex: 15    Spells: 5/19 levels left

rFire    + . .     SeeInvis .   m - +0 war axe (pain)
rCold    . . .     Gourm    .   (no shield)
rNeg     + . .     Faith    .   (helmet restricted)
rPois    .         Spirit   .   A - amulet of magic regeneration
rElec    .         Reflect  .   y - +3 ring of evasion
rCorr    .         Harm     .   z - ring of protection from fire
MR       .....                  C - ring of positive energy
Stlth    ..........             D - +3 ring of dexterity
Regen    0.2/turn               (no ring)
MPRegen  0.3/turn               (no ring)
                                (no ring)
                                (no ring)

@: no status effects
A: almost no armour, stealthy swim, amphibious, 8 rings, constrict 8, camouflage
1, gelatinous body 1, no stealth
a: Renounce Religion


You were on level 7 of the Dungeon.
You worshipped Ru.
Ru was noncommittal.
You were full.

You visited 2 branches of the dungeon, and saw 8 of its levels.

You collected 395 gold pieces.

Inventory:

Hand Weapons
 m - a +0 war axe of pain (weapon)
Missiles
 q - 62 stones (quivered)
Jewellery
 e - an uncursed amulet of regeneration
 y - a +3 ring of evasion (left tentacle)
 z - a ring of protection from fire (right tentacle)
 A - an amulet of magic regeneration (around mantle)
 C - a ring of positive energy (on tentacle)
 D - a +3 ring of dexterity (on tentacle)
Wands
 a - a wand of confusion (20/48)
 G - a wand of disintegration (15/24)
Scrolls
 h - 3 scrolls of remove curse
 k - 3 scrolls of magic mapping
 l - a scroll of blinking {unknown}
 t - 3 scrolls of teleportation
 w - 2 scrolls of random uselessness {unknown}
 E - a scroll of fear {unknown}
 F - a scroll of fog {unknown}
Potions
 b - 3 potions of lignification
 f - a potion of heal wounds
 g - 3 potions of curing
 i - 2 potions of haste
 n - a potion of cancellation {unknown}
 r - 2 potions of berserk rage {unknown}
 s - a potion of degeneration {unknown}
 u - 2 potions of ambrosia {unknown}
 v - a potion of flight {unknown}
 x - a potion of mutation {unknown}
 B - a potion of resistance {unknown}
Books
 d - a book of Geomancy

   Spells                             Type                      Level
   a - Sandblast                      Earth                        1
   b - Passwall                       Transmutation/Earth          2
   c - Stone Arrow                    Conjuration/Earth            3
   d - Petrify                        Transmutation/Earth          4
   e - Lee's Rapid Deconstruction     Earth                        5
 j - a book of Cantrips

   Spells                             Type                      Level
   a - Confusing Touch                Hexes                        1
   b - Animate Skeleton               Necromancy                   1
   c - Summon Small Mammal            Summoning                    1
   d - Apportation                    Translocation                1
Comestibles
 c - 8 bread rations
 o - a royal jelly
 p - 2 meat rations


   Skills:
 + Level 2.1 Dodging
 - Level 0.2 Unarmed Combat
 * Level 6.2 Spellcasting
 + Level 3.3 Conjurations
 + Level 3.5 Transmutations
 + Level 6.3 Earth Magic


You had 5 spell levels left.
You knew the following spells:

 Your Spells              Type           Power        Failure   Level  Hunger
a - Sandblast             Erth           ####..       1%          1    None
b - Stone Arrow           Conj/Erth      ###...       4%          3    ##.....
c - Petrify               Tmut/Erth      ###.....     14%         4    ####...
d - Lee's Rapid Deconstr  Erth           ####......   22%         5    #####..
e - Animate Skeleton      Necr           N/A          11%         1    None


Dungeon Overview and Level Annotations

Branches:
Dungeon (7/15)             Temple (1/1) D:7

Altars:
Ashenzari
Cheibriados
Dithmenos
Elyvilon
Fedhas
Gozag
Makhleb
Nemelex Xobeh
Okawaru
Qazlal
Ru
Trog
Uskayaw
Vehumet
Xom
Yredelemnul
Zin
The Shining One

Shops:
D:4 =   D:7 :*[!


Innate Abilities, Weirdness & Mutations

You cannot wear most types of armour.
You are very stealthy in the water. (Stealth+)
You are amphibious.
You can wear up to eight rings at the same time.
You can use your tentacles to constrict eight enemies at once.
Your skin changes colour to match your surroundings (Stealth+).
Your rubbery body absorbs attacks. (AC +1, EV +1)
You cannot be stealthy.


Message History

Confirm with . or Enter, or press ? or * to list all spells.
Aiming: Sandblast
Press: ? - help, Shift-Dir - straight line, f/p - gnoll sergeant
Aim: a gnoll sergeant, wielding a spear of piercing and wearing a ring mail (severely wounded)
The blast of sand misses the gnoll sergeant.
q - 63 stones The gnoll shouts!
The gnoll sergeant hits you from afar with a spear of piercing!
* * * LOW HITPOINT WARNING * * *
x2 Unknown command.
Casting: Sandblast
Confirm with . or Enter, or press ? or * to list all spells.
Aiming: Sandblast
Press: ? - help, Shift-Dir - straight line, f/p - gnoll sergeant
Aim: a gnoll sergeant, wielding a spear of piercing and wearing a ring mail (severely wounded)
The blast of sand hits the gnoll sergeant.
The gnoll sergeant is severely wounded.
q - 62 stones The gnoll sergeant hits you from afar with a spear of piercing!
You die...

#.# .. #.......# #.# . ....
#.##.##.# #.#.#..##.g
#.......# ..#.#..##..
####.#### #........∩g# #.#
......... .. #.# ####
†...##..# #. #.# #..[ .#.##
.#.#.####.# ##### ###...
...#
#.g.).g.@#####...###.....
.###
#.###.#######..........†...
.# ##.###. #.##...###.....
.# #......
#####.........##... ##
#...### #....)........##...
#...# #.###.........###.#
#...# #.# #.##...#### #.#
## #...# #.#
#.##...######.#
.#####...######.#
#.##........#.#


You could see a gnoll sergeant and a gnoll.

Vanquished Creatures
  An ice beast (D:6)
  A sky beast (D:5)
  2 ogres
  2 centaurs
  5 scorpions
  3 hounds
  2 bullfrog skeletons
  2 orc wizards (D:3)
  4 worker ants
  A worker ant zombie (D:5)
  5 gnolls
  5 adders
  2 shadow imps
  An ooze (D:7)
  A worm (D:2)
  A dart slug (D:2)
  8 leopard geckos
  8 orcs
  2 ball pythons
  5 bats
  7 giant cockroaches
  5 goblins
  5 hobgoblins
  6 jackals
  5 quokkas
  8 frilled lizards
  7 kobolds
  12 rats
116 creatures vanquished.

Notes
Turn   | Place    | Note
-------+----------+-------------------------------------------
     0 | D:1      | butheremails the Octopode Earth Elementalist began the quest for the Orb.
     0 | D:1      | Reached XP level 1. HP: 11/11 MP: 3/3
   137 | D:1      | Reached XP level 2. HP: 10/17 MP: 5/5
   506 | D:1      | Reached XP level 3. HP: 11/21 MP: 2/6
   887 | D:2      | Found a shattered altar of Ashenzari.
   941 | D:2      | Reached XP level 4. HP: 19/27 MP: 2/8
  1402 | D:3      | Noticed an air elemental
  1404 | D:3      | Reached XP level 5. HP: 31/31 MP: 3/10
  1469 | D:3      | Found a stormy altar of Qazlal.
  1475 | D:3      | Noticed a water elemental
  1477 | D:3      | Reached skill level 5 in Earth Magic
  1537 | D:3      | Learned a level 3 spell: Stone Arrow
  1542 | D:3      | Learned a level 4 spell: Petrify
  1645 | D:3      | Noticed a fire elemental
  1659 | D:3      | Reached XP level 6. HP: 36/36 MP: 4/12
  1822 | D:3      | Found a glowing silver altar of Zin.
  1827 | D:3      | Found a burning altar of Makhleb.
  1828 | D:3      | Found a hide-covered altar of Uskayaw.
  1828 | D:3      | Found a white marble altar of Elyvilon.
  1828 | D:3      | Found a shadowy altar of Dithmenos.
  1829 | D:3      | Found a sacrificial altar of Ru.
  1831 | D:3      | Found a glowing golden altar of the Shining One.
  1837 | D:3      | Found a snail-covered altar of Cheibriados.
  1850 | D:3      | Became a worshipper of Ru the Awakened
  1859 | D:3      | Learned a level 5 spell: Lee's Rapid Deconstruction
  1993 | D:4      | Found Siamp's Jewellery Shoppe.
  2014 | D:4      | Reached skill level 1 in Conjurations
  2026 | D:4      | Reached XP level 7. HP: 27/41 MP: 4/13
  2029 | D:4      | Learned a level 1 spell: Animate Skeleton
  2374 | D:5      | Entered Level 5 of the Dungeon
  2427 | D:5      | Reached skill level 5 in Spellcasting
  2732 | D:5      | Gained mutation: You cannot be stealthy. [Ru sacrifice]
  2990 | D:5      | Reached XP level 8. HP: 15/46 MP: 6/16
  3808 | D:7      | Found Ziebluwn's Distillery.
  3943 | D:7      | Found a staircase to the Ecumenical Temple.
  3973 | Temple   | Entered the Ecumenical Temple
  3996 | D:7      | Found Tekk's Book Emporium.
  4088 | D:7      | Found Elaimm's Armour Shoppe.
  4284 | D:7      | Found Urhe's Assorted Antiques.
  4295 | D:7      | Slain by a gnoll sergeant

Skill      XL: |  1  2  3  4  5  6  7  8 |
---------------+-------------------------+-----
Earth Magic    | 4 5 6 |  6.3
Spellcasting   | 3 4 5 6 |  6.2
Conjurations   | 1 2 3 |  3.3
Transmutations | 2 3 |  3.5
Stealth        | 0 |  0.0
Dodging        | |  2.1
Unarmed Combat | |  0.2

Action                   |  1- 3 |  4- 6 |  7- 9 || total
-------------------------+-------+-------+-------++-------
Melee: Unarmed           |    99 |    23 |       ||   122
       Constrict         |    32 |    13 |    15 ||    60
       Tentacles         |    16 |    12 |    11 ||    39
       War axe           |       |    26 |    80 ||   106
 Cast: Sandblast         |    17 |    47 |    23 ||    87
       Stone Arrow       |       |     2 |    11 ||    13
       Animate Skeleton  |       |       |     5 ||     5
       Lee's Rapid Decon |       |       |     4 ||     4
Invok: Sacrifice Stealth |       |       |     1 ||     1
  Use: Potion            |       |     1 |       ||     1
       Scroll            |       |       |     6 ||     6
 Stab: Sleeping          |     7 |     1 |       ||     8
       Distracted        |       |       |     1 ||     1
  Eat: Chunk             |       |     2 |     5 ||     7
       Royal jelly       |       |     1 |       ||     1
       Bread ration      |       |       |     2 ||     2
       Fruit             |       |       |     1 ||     1
Armor: Skin              |    12 |     3 |     3 ||    18
Dodge: Dodged            |    88 |    48 |    73 ||   209
